 Dungeon Crawl Stone Soup version 0.28-a0-410-gbef64dd269 (webtiles) character file.

Game seed: 8188732364362485198

325 heikuro the Skirmisher (level 6, -3/49 HPs)
             Began as a Formicid Abyssal Knight on Sept 7, 2021.
             Was a Believer of Lugonu.
             Succumbed to a scorpion's poison
             ... on level 3 of the Dungeon.
             The game lasted 00:09:40 (4626 turns).

heikuro the Skirmisher (Formicid Abyssal Knight)    Turns: 4626, Time: 00:09:40

Health: -3/49      AC: 12    Str: 19    XL:     6   Next: 78%
Magic:  3/8        EV:  7    Int: 11    God:    Lugonu [**....]
Gold:   102        SH:  0    Dex: 10    Spells: 5/5 levels left

rFire   + . .      SeeInvis +   a - +1 falchion
rCold   . . .      Faith    .   (no shield)
rNeg    . . .      Spirit   +   g - +2 chain mail {rF+}
rPois   .          Reflect  .   (helmet unavailable)
rElec   .          Harm     .   (no cloak)
rCorr   .          Rampage  .   f - +0 pair of gloves
Will    .....                   (no boots)
Stlth   ..........              n - amulet of guardian spirit
HPRegen 0.16/turn               j - +4 ring of slaying
MPRegen 0.11/turn               (no ring)

@: lethally poisoned (-3 -> -23)
A: permanent stasis, dig shafts and tunnels, antennae 3, four strong arms
a: Dig, Shaft Self, Renounce Religion, Depart the Abyss, Bend Space


You were on level 3 of the Dungeon.
You worshipped Lugonu.
Lugonu was pleased with you.
You visited 1 branch of the dungeon, and saw 4 of its levels.
You visited the Abyss 1 time.

You collected 102 gold pieces.

Inventory:

Hand Weapons
 a - a +1 falchion (weapon)
Armour
 f - a +0 pair of gloves (worn)
 g - a +2 chain mail of fire resistance (worn)
Jewellery
 j - a +4 ring of slaying (left hand)
 n - an amulet of guardian spirit (around neck)
Wands
 i - a wand of paralysis (7)
 k - a wand of flame (26)
Scrolls
 b - a scroll of teleportation {unknown}
 d - a scroll of noise {unknown}
 e - a scroll of immolation {unknown}
 h - a scroll of magic mapping {unknown}
 l - a scroll of identify {unknown}
 m - a scroll of amnesia {unknown}
Potions
 c - 2 potions of flight {unknown}


   Skills:
 + Level 4.5 Fighting
 * Level 4.4 Long Blades
 + Level 3.7 Armour
 - Level 1.0 Dodging
 + Level 3.9 Invocations


You had 5 spell levels left.
You didn't know any spells.
Your spell library was empty.

Dungeon Overview and Level Annotations

Branches:
Dungeon (4/15)
 Temple: D:4-7

Altars:
Gozag

Shops:
D:1 =


Innate Abilities, Weirdness & Mutations

You cannot be hasted, slowed, berserked, paralysed or teleported.
You can dig through walls and to a lower floor.
You have a pair of large antennae on your head. (SInv)
Your four strong arms can wield two-handed weapons with a shield.


Message History

The scorpion stings you. x2
You are too injured to fight recklessly!
You are too injured to fight recklessly!
You are too injured to fight recklessly!
You hit the scorpion.
The scorpion is heavily wounded.
You feel very sick.
The scorpion stings you but does no damage.
You closely miss the scorpion.
The scorpion is heavily wounded.
You feel sick. The scorpion stings you.
You are lethally poisoned!
The scorpion poisons you!
Your chain mail prevents you from hitting the scorpion.
The scorpion is heavily wounded.
* * * LOW HITPOINT WARNING * * *
You feel very sick.
The scorpion stings you but does no damage.
The scorpion stings you.
* * * LOW HITPOINT WARNING * * *
Unknown command.
You closely miss the scorpion.
The scorpion is heavily wounded.
* * * LOW HITPOINT WARNING * * *
You feel very sick.
The scorpion stings you but does no damage.
You hit the scorpion.
The scorpion is severely wounded.
* * * LOW HITPOINT WARNING * * *
You feel sick.
The scorpion stings you but does no damage.
You hit the scorpion.
The scorpion is severely wounded.
* * * LOW HITPOINT WARNING * * *
You feel sick. The scorpion stings you.
You are more poisoned.
The scorpion poisons you!
Your chain mail prevents you from hitting the scorpion.
The scorpion is severely wounded.
You die...

#.#.####.#######..# ####
#.#...............# .<.#
#.#####..#.######.# ##.##
#.# #<.#.######.#
#...#####.#####...........#
...[..........##.#.#####..#
....########..##.#.# #..#
.#.## #..##.#.# #..# .#.#
#..##@#.#####..# ##.###
#..##s.#.......# .....#
#..####.#####.## ...#.#
#.......# #.# ####.#
##.###### #.# #.# #.# #.#
#.# #.# #.# #.#
##.##########.# #.#
#.............#


You could see a scorpion.

Vanquished Creatures
  A scorpion (D:4)
  A water moccasin skeleton (D:4)
  A jelly (D:4)
  Ijyb (D:3)
  Jessica (D:2)
  4 gnolls
  3 adders
  3 worms
  6 dart slugs
  3 bats
  2 endoplasms
  4 giant cockroaches
  4 goblins
  5 hobgoblins
  5 kobolds
  4 quokkas
  3 ball pythons
  2 frilled lizards
  4 rats (D:3)
57 creatures vanquished.

Notes
Turn   | Place    | Note
-------+----------+-------------------------------------------
     0 | Abyss:1  | heikuro the Formicid Abyssal Knight began the quest for the
                  | Orb.
     0 | Abyss:1  | Reached XP level 1. HP: 18/18 MP: 2/2
    56 | Abyss:1  | Noticed a large abomination
    62 | D:1      | Escaped the Abyss
   151 | D:1      | Reached skill level 1 in Dodging
   184 | D:1      | Reached XP level 2. HP: 16/24 MP: 3/3
   369 | D:1      | Reached * piety under Lugonu
   576 | D:1      | Reached XP level 3. HP: 29/29 MP: 4/4
   778 | D:1      | Found Pihycvat's Jewellery Emporium.
   875 | D:2      | Noticed Jessica
  1519 | D:2      | Found a faded altar of an unknown god.
  1562 | D:2      | Reached XP level 4. HP: 28/37 MP: 6/6
  2241 | D:2      | Reached XP level 5. HP: 23/42 MP: 7/7
  2671 | D:2      | Killed Jessica
  2863 | D:2      | Found a faded altar of an unknown god.
  3066 | D:3      | Noticed Ijyb
  3139 | D:3      | Reached ** piety under Lugonu
  3728 | D:3      | Killed Ijyb
  4339 | D:4      | Reached XP level 6. HP: 44/48 MP: 8/8
  4554 | D:4      | Found an opulent altar of Gozag.
  4625 | D:3      | HP: 2/49 [poisoned by a scorpion]
  4626 | D:3      | Succumbed to a scorpion's poison

Illustrated notes

Levels and vault maps discovered:
D:1:      erik_arrival_blinker_ship, layout_basic, serial_shops,
          nicolae_diamond_shop
D:2:      layout_rooms, ebering_ecumenical_altar_abandoned, uniq_jessica
D:3:      layout_loops_ring, uniq_ijyb
D:4:      minmay_opposing_rooms, layout_loops_cross,
          nemelex_xobeh_ov_fountains_minmay, nzn_wu_jian_contemplation,
          mainiacjoe_overflow_alcove_4, portal_sewer_entry_e

Skill      XL: |  1  2  3  4  5 |
---------------+----------------+-----
Dodging        | 1 |  1.0
Long Blades    | 3 4 |  4.4
Invocations    | 3 |  3.9
Armour         | 3 |  3.7
Fighting       | 4 |  4.5

Action                   |  1- 3 |  4- 6 || total
-------------------------+-------+-------++-------
Melee: Falchion          |    93 |   133 ||   226
Throw: Throwing net      |       |     2 ||     2
Invok: Depart the Abyss  |     1 |       ||     1
Armor: Scale mail        |    22 |       ||    22
       Chain mail        |    47 |    58 ||   105
Dodge: Dodged            |    68 |    38 ||   106

Table legend: (Time is in decaauts)
 A = Elapsed time spent in this place.
 B = Non-inter-level travel time spent in this place.
 C = Inter-level travel time spent in this place.
 D = Time resting spent in this place.
 E = Time spent auto-exploring this place.
 F = Levels seen in this place.
 G = Mean time per level.
                   A        B        C        D        E       F      G
               +--------+--------+--------+--------+--------+-----+--------+
         Total |   4666 |   4451 |    215 |   1206 |   1851 |   5 |  933.2 |
       Dungeon |   4604 |   4389 |    215 |   1206 |   1824 |   4 | 1151.0 |
         Abyss |     62 |     62 |      0 |      0 |     27 |   1 |   62.0 |
               +--------+--------+--------+--------+--------+-----+--------+

Top non-repeatable levels by time:
     D:1: 1627 daAuts
     D:3: 1354 daAuts
     D:2: 1334 daAuts
     D:4: 288 daAuts
 Abyss:1: 62 daAuts
